 Dungeon Crawl Stone Soup version 0.31-a0-149-g3fdcc5976a (webtiles) character file.

Game seed: 10133982474730629884

172 jlumianski the Magician (level 5, -2/36 HPs)
             Began as a Djinni Fire Elementalist on June 7, 2023.
             Was an Initiate of Makhleb.
             Slain by Natasha (9 damage)
             ... on level 2 of the Dungeon.
             The game lasted 00:09:21 (1437 turns).

jlumianski the Magician (Djinni Fire Elementalist)  Turns: 1437, Time: 00:09:22

Health: -2/36      AC:  2    Str:  7    XL:     5   Next: 82%
Gold:   48         EV: 13    Int: 18    God:    Makhleb [......] SH:  0 Dex: 14

rFire   + + .        f - +1 dagger (venom)
rCold   x . .        (no shield)
rNeg    . . .        a - +0 robe
rPois   ∞            (no helmet)
rElec   .            (no cloak)
rCorr   .            (no gloves)
SInv    .            (boots unavailable)
Will    .....        (no amulet)
Stlth   ++           (no ring)
HPRegen 0.26/turn    (no ring)
MPRegen 0.00/turn

%: infuse magic (-3 HP)
@: flying
A: sickness immunity, fire resistance 2, cold vulnerability 1, float, innate
caster, HP casting, extra vitality 1
a: Renounce Religion


You were on level 2 of the Dungeon.
You worshipped Makhleb.
Makhleb was noncommittal.
You visited 1 branch of the dungeon, and saw 3 of its levels.
You also visited: Sewer.

You collected 48 gold pieces.

Inventory:

Hand Weapons
 e - a +0 dagger
 f - a +1 dagger of venom (weapon)
Armour
 a - a +0 robe (worn)
 d - a +0 helmet
Scrolls
 l - a scroll of fear
 m - a scroll of blinking
 o - a scroll of enchant weapon {unknown}
 p - a scroll of enchant armour {unknown}
Potions
 b - 2 potions of curing
 c - a potion of magic
 g - a potion of lignification {unknown}
 h - a potion of mutation {unknown}
 i - a potion of heal wounds
 k - a potion of might {unknown}
 n - a potion of invisibility {unknown}


   Skills:
 + Level 0.7 Fighting
 + Level 0.8 Short Blades
 + Level 3.3 Dodging
 + Level 3.1 Stealth
 * Level 3.7 Spellcasting
 * Level 3.7 Conjurations
 * Level 3.7 Hexes
 * Level 3.7 Summonings
 * Level 3.7 Necromancy
 * Level 3.7 Translocations
 * Level 3.7 Transmutations
 * Level 3.7 Fire Magic
 * Level 3.7 Ice Magic
 * Level 3.7 Air Magic
 * Level 3.7 Earth Magic
 * Level 3.7 Poison Magic


You knew the following spells:

 Your Spells              Type           Power      Damage    Failure   Level
a - Foxfire               Conj/Fire      64%        2x1d7     3%          1
b - Scorch                Fire           32%        2d6       4%          2
c - Volatile Blastmotes   Fire/Tloc      32%        2d12      10%         3
d - Inner Flame           Hex/Fire       16%        N/A       10%         3
e - Flame Wave            Conj/Fire      16%        2d7       32%         4
f - Beastly Appendage     Tmut           32%        N/A       3%          1
g - Call Imp              Summ           32%        N/A       4%          2
Your spell library was empty.

Dungeon Overview and Level Annotations

Branches:
Dungeon (3/15)              Sewer (visited)

Altars:
Makhleb
Wu Jian

Annotations:
D:2 Natasha


Innate Abilities, Weirdness & Mutations

You are immune to sickness and miasma.
You are immune to poison.
Your flesh is very heat resistant. (rF++)
You are vulnerable to cold. (rC-)
You float through the air rather than walking.
You learn spells naturally, not from books.
Your magical power is your life essence.
You have superior vitality. (+4 MHP)


Message History

You conjure some foxfire!
The foxfire hits the cerulean imp.
The cerulean imp is moderately wounded.
The foxfire hits the cerulean imp.
The cerulean imp is severely wounded.
Natasha casts a spell.
The cerulean imp hits you but does no damage.
Casting: Foxfire (safe; 3% risk of failure)
Confirm with . or Enter, or press ? or * to list all spells.
A tiny devil pulls itself out of the air.
The cerulean imp hits you from afar with a +1 spear.
The cerulean imp hits your cerulean imp but does no damage.
Casting: Call Imp (safe; 4% risk of failure)
Confirm with . or Enter, or press ? or * to list all spells.
You conjure some foxfire!
The cerulean imp barely misses you.
The cerulean imp hits your cerulean imp with a +2 spear.
Natasha casts a spell at you. The magic dart hits you!
Your cerulean imp closely misses Natasha.
You hit Natasha.
Natasha is poisoned.
Natasha is moderately wounded.
The foxfire hits Natasha.
Natasha is heavily wounded.
The foxfire hits Natasha but does no damage.
Natasha is heavily wounded.
The cerulean imp barely misses you.
The cerulean imp barely misses your cerulean imp.
Your cerulean imp hits Natasha from afar with a -3 spear.
Natasha claws you!
* * * LOW HITPOINT WARNING * * *
Casting: Foxfire (safe; 3% risk of failure)
Confirm with . or Enter, or press ? or * to list all spells.
You conjure some foxfire!
* * * LOW HITPOINT WARNING * * *
The cerulean imp hits you from afar with a +1 spear.
* * * LOW HITPOINT WARNING * * *
The cerulean imp hits your cerulean imp with a +2 spear.
Your cerulean imp misses the cerulean imp.
Natasha claws you!
You die...

#......<.# #.#.#.#.#.# #
.## .. .# ##... ##.
##.##### #.#......# #
#.......####.####
#..5.v..#.......#
#...h@....# .#
#.....v.....##.#
#.#..5....#....# # #
#.5.....#..### #.
#.......#..####.# #..
#########.......#
#.######...######.######
###........#..>.....#
#......#.#...#.######


You could see Natasha (poisoned, ally target), 2 cerulean imps and a friendly
cerulean imp (summoned).

Vanquished Creatures
  Pargi (Sewer)
  3 adders
  A worm (D:3)
  3 endoplasms (D:1)
  A giant cockroach (D:3)
  3 goblins (D:1)
  4 hobgoblins
  5 jackals (D:1)
  A quokka (D:2)
  7 ball pythons
  2 bats (D:1)
  5 frilled lizards
  4 kobolds
  9 rats (D:1)
49 creatures vanquished.

Vanquished Creatures (others)
  A frilled lizard (D:3)
  92 foxfires
93 creatures vanquished.

Grand Total: 142 creatures vanquished

Notes
Turn   | Place    | Note
-------+----------+-------------------------------------------
     0 | D:1      | jlumianski the Djinni Fire Elementalist began the quest for
                  | the Orb.
     0 | D:1      | jlumianski set off with the following spells memorised:
                  | Foxfire, Scorch, Volatile Blastmotes, Inner Flame, Flame
                  | Wave.
     0 | D:1      | Reached XP level 1. HP: 15/15 MP: 0/0
   168 | D:1      | Reached XP level 2. HP: 11/21 MP: 0/0
   399 | D:1      | Reached XP level 3. HP: 24/25 MP: 0/0
   399 | D:1      | Learned a level 1 spell: Beastly Appendage
   841 | D:1      | Found a faded altar of an unknown god.
  1023 | D:3      | Found an ornate altar of the Wu Jian Council.
  1061 | D:3      | Found a glowing drain.
  1075 | D:3      | Reached XP level 4. HP: 30/31 MP: 0/0
  1098 | Sewer    | Entered a sewer
  1204 | Sewer    | Noticed Pargi
  1213 | Sewer    | Killed Pargi
  1214 | Sewer    | Reached XP level 5. HP: 33/36 MP: 0/0
  1214 | Sewer    | Learned a level 2 spell: Call Imp
  1421 | D:2      | Found a burning altar of Makhleb.
  1426 | D:2      | Noticed Natasha
  1431 | D:2      | Became a worshipper of Makhleb the Destroyer
  1437 | D:2      | Slain by Natasha

Illustrated notes

Levels and vault maps discovered:
D:1:      mrwooster_arrival_arrow, layout_loops_ring,
          hellmonk_ecumenical_altar_defaced_shrine, kennysheep_crisscross,
          minmay_crystal_water, st_stairs_2, minmay_heptomino_l4
D:2:      layout_loops_cross, basic_altar, uniq_natasha
D:3:      layout_loops_ring, xom_confusion_cloud, mainiacjoe_overflow_alcove_2,
          cheibrodos_sewer_entry_bend, chequers_serial_rivers_large_a

Skill      XL: |  1  2  3  4 |
---------------+-------------+-----
Spellcasting   | |  3.7
Conjurations   | |  3.7
Hexes          | |  3.7
Summonings     | |  3.7
Necromancy     | |  3.7
Translocations | |  3.7
Transmutations | |  3.7
Fire Magic     | |  3.7
Ice Magic      | |  3.7
Air Magic      | |  3.7
Earth Magic    | |  3.7
Poison Magic   | |  3.7
Stealth        | 2 3 |  3.1
Dodging        | 3 |  3.3
Fighting       | |  0.7
Short Blades   | |  0.8

Action                     |  1- 3 |  4- 6 || total
---------------------------+-------+-------++-------
  Melee: Unarmed           |     4 |       ||     4
         Dagger            |    18 |     1 ||    19
   Cast: Foxfire           |    41 |    15 ||    56
         Scorch            |     1 |       ||     1
         Volatile Blastmot |       |     1 ||     1
         Call Imp          |       |     1 ||     1
    Use: Scroll            |     2 |     3 ||     5
         Potion            |     2 |       ||     2
   Stab: Sleeping          |     3 |       ||     3
 Armour: Robe              |     3 |     1 ||     4
  Dodge: Dodged            |    18 |     2 ||    20

Table legend: (Time is in decaauts)
 A = Elapsed time spent in this place.
 B = Non-inter-level travel time spent in this place.
 C = Inter-level travel time spent in this place.
 D = Time resting spent in this place.
 E = Time spent auto-exploring this place.
 F = Levels seen in this place.
 G = Mean time per level.
                   A        B        C        D        E       F      G
               +--------+--------+--------+--------+--------+-----+--------+
         Total |   1437 |   1367 |     70 |      0 |    869 |   4 |  359.2 |
       Dungeon |   1180 |   1110 |     70 |      0 |    709 |   3 |  393.3 |
         Sewer |    256 |    256 |      0 |      0 |    160 |   1 |  256.0 |
               +--------+--------+--------+--------+--------+-----+--------+

Top non-repeatable levels by time:
     D:1: 966 daAuts
   Sewer: 256 daAuts
     D:3: 161 daAuts
     D:2: 52 daAuts
